 Dungeon Crawl Stone Soup version 0.19.5 (webtiles) character file.

9 tidbits the Charmwright (level 2, 0/19 HPs)
             Began as a High Elf Skald on Nov 17, 2017.
             Slain by a hobgoblin
             ... wielding a +0 club
              (4 damage)
             ... on level 1 of the Dungeon.
             The game lasted 00:01:57 (245 turns).

tidbits the Charmwright (High Elf Skald)             Turns: 245, Time: 00:01:57

Health: 0/19       AC:  3    Str: 11    XL:     2   Next: 6%
Magic:  4/7        EV: 11    Int: 15    God:
Gold:   0          SH:  0    Dex: 14    Spells: 3 memorised, 2 levels left

rFire  . . .     SeeInvis .     a - +0 falchion
rCold  . . .     Gourm    .     b - +0 leather armour
rNeg   . . .     Faith    .     (no shield)
rPois  .         Spirit   .     (no helmet)
rElec  .         Reflect  .     (no cloak)
rCorr  .         Harm     .     (no gloves)
MR     .....                    (no boots)
Stlth  +.........               (no amulet)
                                (no ring)
                                (no ring)

@: no status effects
A: no striking features
a: no special abilities


You were on level 1 of the Dungeon.
You were not hungry.

You visited 1 branch of the dungeon, and saw 2 of its levels.

Inventory:

Hand Weapons
 a - a +0 falchion (weapon)
 e - a +0 hunting sling
   (You found it on level 1 of the Dungeon)
Missiles
 f - 47 stones (quivered)
 g - 23 bolts
Armour
 b - a +0 leather armour (worn)
Scrolls
 h - a scroll of teleportation {unknown}
 i - a scroll of remove curse {unknown}
Potions
 j - a potion of brilliance {unknown}
 k - a potion of haste {unknown}
Books
 c - a book of Battle

   Spells                             Type                      Level
   a - Infusion                       Charms                       1
   b - Shroud of Golubria             Charms/Translocation         2
   c - Song of Slaying                Charms                       2
   d - Spectral Weapon                Hexes/Charms                 3
   e - Regeneration                   Charms/Necromancy            3
Comestibles
 d - a bread ration


   Skills:
 - Level 2.0 Fighting
 - Level 2.4 Long Blades
 - Level 0.8 Armour
 - Level 1.1 Dodging
 + Level 3.2 Spellcasting
 - Level 3.6 Charms


You had 2 spell levels left.
You knew the following spells:

 Your Spells              Type           Power        Failure   Level  Hunger
g - Shroud of Golubria    Chrm/Tloc      #.........   21%         2    ##.....
i - Infusion              Chrm           ##..         10%         1    #......
y - Song of Slaying       Chrm           ##......     12%         2    ##.....


Dungeon Overview and Level Annotations

Branches:
Dungeon (2/15)

Altars:
Xom


Message History

Wield which item (- for none, * to show all)? (? for menu, Esc to quit)
a - a +0 falchion (weapon)
A bat comes into view.
The bat barely misses you.
Found 31 stones.
You barely miss the bat. The bat hits you but does no damage.
You closely miss the bat. The bat hits you but does no damage.
Casting: Infusion
Confirm with . or Enter, or press ? or * to list all spells.
You begin infusing your attacks with magical energy.
The bat hits you but does no damage. The bat completely misses you.
Found a scroll labeled XILIUV BEEFAH.
The bat hits you but does no damage.
Found a leather armour.
You hit the bat.
You kill the bat!
You have reached level 2!
Memorise Song of Slaying, consuming 2 spell levels and leaving 4?
You start memorising the spell.
You continue memorising. x2
You finish memorising.
Spell assigned to 'y'.
Memorise Shroud of Golubria, consuming 2 spell levels and leaving 2?
You start memorising the spell.
You continue memorising. x2
You finish memorising.
Spell assigned to 'g'.
f - 47 stones (gained 31)
There are no items here.
h - a scroll labeled XILIUV BEEFAH
There are no items here.
Your magical infusion is running out.
You are no longer magically infusing your attacks.
You enter a teleport trap!
The teleport trap disappears.
Your surroundings suddenly seem different.
There is an open door here.
Found an escape hatch in the floor.
You open the door.
Found a scroll labeled ERIELARUES.
Clearing level map.
There is an open door here.
i - a scroll labeled ERIELARUES You open the door.
A rat comes into view.
Found a lumpy inky potion.
Found a shimmering altar of Xom.
The teleport trap disappears.
The rat disappears!
There is an open door here.
j - a lumpy inky potion
Found a short sword.
Found a metallic brown potion.
As you open the door, it creaks loudly!
k - a metallic brown potion
Found a stone staircase leading down.
Found a whip.
There is a stone staircase leading down here.
You climb downwards.
A goblin and a hobgoblin come into view.
The hobgoblin shouts!
Found a bread ration.
There is a stone staircase leading up here.
Casting: Infusion
Confirm with . or Enter, or press ? or * to list all spells.
You begin infusing your attacks with magical energy.
The goblin shouts!
The goblin unwields an uncursed club.
The goblin wields a hunting sling.
The goblin shoots a stone.
The stone barely misses you.
The goblin shoots a stone.
The stone hits you.
You see here a stone.
A hobgoblin comes into view. It is wielding a club.
The hobgoblin shouts!
The goblin unwields an uncursed hunting sling.
The goblin wields an uncursed club.
The goblin hits you with an uncursed club.
You closely miss the goblin. The goblin closely misses you.
You riposte.
You closely miss the goblin.
The hobgoblin hits you but does no damage.
The goblin unwields an uncursed club.
The goblin wields an uncursed hunting sling.
The goblin shoots a stone.
The stone closely misses you.
Found 15 gold pieces.
Your magical infusion is running out.
There is a stone staircase leading up here.
You see here 2 stones.
The hobgoblin closely misses you.
You riposte.
You hit the hobgoblin.
The hobgoblin is heavily wounded.
The hobgoblin closely misses you.
You riposte.
You hit the hobgoblin!
You kill the hobgoblin!
You climb upwards.
There is a stone staircase leading down here.
The hobgoblin hits you with a club.
* * * LOW HITPOINT WARNING * * *
You hit the hobgoblin.
The hobgoblin is severely wounded.
The hobgoblin closely misses you.
You closely miss the hobgoblin.
The hobgoblin is severely wounded.
You are no longer magically infusing your attacks.
The hobgoblin hits you with a club.
* * * LOW HITPOINT WARNING * * *
You hit the hobgoblin.
The hobgoblin is almost dead.
The hobgoblin hits you with a club.
You die...

#.# ####'###
.......#########
.......##.. .)#
.......##.# #.#
.......##.####.###
.....)..........>#
........#.#.####g#
........#.#.# #@#
....#+#.#.#.# #.#
##### #.#.#+# #.#
#.#.. ..# #.#..
..# #.#.. ...#
#... ...# .....


You could see a hobgoblin.

Vanquished Creatures
  An ooze (D:1)
  A leopard gecko (D:1)
  A bat (D:1)
  A hobgoblin (D:2)
4 creatures vanquished.

Notes
Turn   | Place    | Note
-------+----------+-------------------------------------------
     0 | D:1      | tidbits the High Elf Skald began the quest for the Orb.
     0 | D:1      | Reached XP level 1. HP: 14/14 MP: 4/4
    90 | D:1      | Reached skill level 3 in Spellcasting
   136 | D:1      | Reached XP level 2. HP: 13/19 MP: 4/7
   140 | D:1      | Learned a level 2 spell: Song of Slaying
   143 | D:1      | Learned a level 2 spell: Shroud of Golubria
   200 | D:1      | Found a shimmering altar of Xom.
   245 | D:1      | Slain by a hobgoblin

Skill      XL: |  1 |
---------------+----+-----
Spellcasting   | 3 |  3.2
Fighting       | |  2.0
Long Blades    | |  2.4
Armour         | |  0.8
Dodging        | |  1.1
Charms         | |  3.6

Action                   || total
-------------------------++-------
Melee: Falchion          ||    14
 Cast: Infusion          ||     4
Armor: Leather armour    ||     7
Dodge: Dodged            ||    11
       Rpst.: Falchion   ||     3

Table legend:
 A = Turns spent in this place as a percentage of turns spent in the entire game.
 B = Non-inter-level travel turns spent in this place as a percentage of non-inter-level travel turns spent in the entire game.
 C = Inter-level travel turns spent in this place as a percentage of turns spent in this place.
 D = Turns resting spent in this place as a percentage of non-inter-level travel turns spent in this place.
 E = Turns spent auto-exploring this place as a percentage of non-inter-level travel turns spent in this place.
 F = Non-inter-level travel turns spent in this place divided by the number of levels of this place that you've seen.
                   A       B       C       D       E      F
               +-------+-------+-------+-------+-------+----------------------
         Total | 100.0 | 100.0 |   0.6 |   0.0 |   0.0 |  88.5
       Dungeon | 100.0 | 100.0 |   0.6 |   0.0 |   0.0 |  88.5
               +-------+-------+-------+-------+-------+----------------------

Table legend:
 A = Kills in this place as a percentage of kills in entire the game.
 B = Kills by you in this place as a percentage of kills by you in the entire game.
 C = Kills by friends in this place as a percentage of kills by friends in the entire game.
 D = Other kills in this place as a percentage of other kills in the entire game.
 E = Experience gained in this place as a percentage of experience gained in the entire game.
 F = Experience gained in this place divided by the number of levels of this place that you have seen.
                   A       B       C       D       E      F
               +-------+-------+-------+-------+-------+----------------------
         Total | 100.0 | 100.0 |  -nan |  -nan | 100.0 |   7.0
       Dungeon | 100.0 | 100.0 |  -nan |  -nan | 100.0 |   7.0
               +-------+-------+-------+-------+-------+----------------------

Vault maps used:
D:1:      minmay_arrival_nine_rooms, xom_teletrap_fun
D:2:      first_bread, tso_metal_star
